AoeStats
← Joey_did_it

Golden Pit

510257858Analyzed
1v1 RM · 9h ago on Sep 30, 2026· 74m 15s· 2 players
Game mode
Random Map
Map size
Tiny (2 player)
Population
200
Speed
Normal
Resources
Standard
Victory
Conquest
Starting age
Dark Age
Ending age
Imperial Age
RankedLock teamsTeams togetherTeam positionsShared explorationLock speedFull tech treeHidden civsTurbo modeCheats
Victory
Defeat
🇺🇸 Bulgarians · United States
435
+17
🇺🇸 Sicilians · United States
463
-20
MoO CaT9751
17:43 Feudal Age
22:15 Loom
25:21 Double-Bit Axe
25:49 Scale Mail Armor
26:00 Forging
27:47 Scale Barding Armor
27:43 Padded Archer Armor
27:33 Fletching
36:23 Arson
42:27 Castle Age
43:00 Gambesons
44:39 Squires
46:36 Chain Mail Armor
53:43 Imperial Age
51:59 Wheelbarrow
52:35 Stirrups
54:27 Pikeman
56:50 Plate Mail Armor
56:56 Iron Casting
58:30 Bow Saw
60:06 Elite Konnik
61:17 Conscription
63:46 Redemption
66:12 Halberdier
71:43 Blast Furnace
Joey_did_it
15:24 Feudal Age
17:22 Horse Collar
22:31 Wheelbarrow
29:33 Castle Age
34:46 Heavy Plow
37:04 Man-at-Arms
42:44 Hand Cart
51:00 Gold Mining
Connection lost

Rejoining the realm…

Still unreachable

The connection could not be restored.

Session expired

The server has moved on; the page needs a fresh start.